 Dungeon Crawl Stone Soup version 0.30-a0-1075-gcd70e7a56d (webtiles) character file.

Game seed: 13975686005606069492

254 Pimp the Trooper (level 5, -13/42 HPs)
             Began as a Demonspawn Fighter on Apr 14, 2023.
             Killed by an exploding phantom (22 damage)
             ... ignited by their inner flame
             ... on level 4 of the Dungeon.
             The game lasted 00:05:56 (2332 turns).

Pimp the Trooper (Demonspawn Fighter)               Turns: 2332, Time: 00:05:57

Health: -13/42     AC: 10    Str: 17      XL:     5   Next: 90%
Magic:  5/5        EV:  7    Int:  9      God:
Gold:   133        SH:  5    Dex: 13 (14) Spells: 4/4 levels left

rFire   . . .      SeeInvis .    a - +1 long sword
rCold   . . .      Faith    .    c - +0 buckler
rNeg    . . .      Spirit   .    e - +0 chain mail
rPois   .          Reflect  .    (no helmet)
rElec   .          Rampage  .    (no cloak)
rCorr   .                        h - +0 pair of gloves
Will    .....                    (no boots) Stlth
                                 (no amulet)
HPRegen 0.27/turn                (no ring)
MPRegen 0.09/turn                (no ring)

@: lethally poisoned (-13 -> -15), hasted, very quick
A: claws 2, demonic guardian 1
a: no special abilities


You were on level 4 of the Dungeon.
You visited 1 branch of the dungeon, and saw 4 of its levels.

You collected 133 gold pieces.

Inventory:

Hand Weapons
 a - a +1 long sword (weapon)
Armour
 b - a +0 scale mail
 c - a +0 buckler (worn)
 e - a +0 chain mail (worn)
 h - a +0 pair of gloves (worn)
Jewellery
 k - a ring of ice
Wands
 g - a wand of polymorph (4)
Scrolls
 i - 3 scrolls of fear
 o - a scroll of poison
 p - 2 scrolls of identify
Potions
 d - a potion of might


   Skills:
 + Level 4.1 Fighting
 + Level 3.1 Long Blades
 + Level 3.8 Armour
 + Level 3.8 Shields


You had 4 spell levels left.
You didn't know any spells.
Your spell library contained the following spells:

 Spells                   Type           Power      Damage    Failure   Level
 Apportation              Tloc           0%         N/A       99%         1
 Alistair's Intoxication  Tmut/Pois      0%         N/A       100%        5


Dungeon Overview and Level Annotations

Branches:
Dungeon (4/15)
 Temple: D:4-7

Altars:
Hepliaklqana
Xom

Shops:
D:3 :


Innate Abilities, Weirdness & Mutations

You have very sharp fingernails.
A weak demonic guardian rushes to your aid.


Message History

You miss the phantom.
The phantom is moderately damaged.
You feel sick.
You are no longer poisoned.
The phantom hits you. x2; The phantom blinks!
You blink.
You are engulfed in poison gas.
You are poisoned.
You feel very sick.
You feel very sick.
You feel very sick. The phantom barely misses you.
Really walk into that cloud of poison gas? [Y]es or [N]o only, please.
Really walk into that cloud of poison gas? [Y]es or [N]o only, please.
Really walk into that cloud of poison gas?
Okay, then.
The phantom attacks as you move away! The phantom hits you.
You feel sick. The phantom attacks as you move away!
The phantom hits you but does no damage.
You feel sick.
You feel sick.
There is a stone staircase leading up here.
You hit the phantom.
Flame seeps out of the phantom.
The phantom is heavily damaged.
You feel sick.
The phantom is engulfed in blazing flames.
Flame seeps out of the phantom.
The phantom barely misses you.
You can't see any enemies this would affect, really read the scroll of fear? [Y]es or [N]o only, please.
You can't see any enemies this would affect, really read the scroll of fear? [Y]es or [N]o only, please.
You can't see any enemies this would affect, really read the scroll of fear?
Okay, then.
Okay, then.
You feel yourself speed up.
You feel sick.
The phantom is engulfed in blazing flames.
The phantom explodes!
The fiery explosion engulfs you!!
Ouch! That really hurt!
You die...

*,,,* *,* *,,,,,,,* **,**
##+## *,,,,,,,* *,* ##...##
***,,,,** ***,* ##.°..°##
*,,,,* **,*,* ##..°....##
**,*,*
****,,,,###..°....○.#***,,,,*
,,,,,,,,..°○.°.§§§..+,,,,,,,*
****,,,,###....§°§..#***,,,,*
*,,,,* #.....@§.## **,*,*
*,,****#.#○○.○○## ***,*
*,,,,,...##○$°## *,*
**,**###**##+## *,** *,* *,*
*,,* *,* ***,****** **,* *,*
*,,,,,,,,* *,*
*,*******,,,,***,* *,*
*,,,,,,**,,,,,,*,*******,*


There were no monsters in sight!

Vanquished Creatures
  Sigmund (D:3)
  A phantom (D:4)
  4 adders (D:2)
  3 dart slugs
  7 ball pythons
  3 bats
  5 endoplasms
  A giant cockroach (D:3)
  4 goblins
  4 hobgoblins
  2 jackals (D:3)
  4 kobolds
  2 quokkas (D:1)
  5 frilled lizards
  A rat (D:2)
47 creatures vanquished.

Vanquished Creatures (collateral kills)
  A worm (D:3)
  2 orcs (D:3)
  A ball python (D:3)
4 creatures vanquished.

Grand Total: 51 creatures vanquished

Notes
Turn   | Place    | Note
-------+----------+-------------------------------------------
     0 | D:1      | Pimp the Demonspawn Fighter began the quest for the Orb.
     0 | D:1      | Reached XP level 1. HP: 18/18 MP: 1/1
    54 | D:1      | Gained mutation: You have sharp fingernails. [demonic
                  | ancestry]
    54 | D:1      | Reached XP level 2. HP: 24/24 MP: 2/2
   945 | D:2      | Gained mutation: A weak demonic guardian rushes to your
                  | aid. [demonic ancestry]
   945 | D:2      | Reached XP level 3. HP: 29/29 MP: 3/3
   962 | D:2      | Found a faded altar of an unknown god.
  1413 | D:2      | Gained mutation: You have very sharp fingernails. [demonic
                  | ancestry]
  1413 | D:2      | Reached XP level 4. HP: 35/35 MP: 4/4
  1601 | D:3      | Noticed Sigmund
  1762 | D:3      | Killed Sigmund
  1763 | D:3      | Reached skill level 4 in Fighting
  1763 | D:3      | Reached XP level 5. HP: 40/42 MP: 5/5
  1776 | D:3      | Found a shimmering altar of Xom.
  1777 | D:3      | Found a hazy altar of Hepliaklqana.
  1778 | D:3      | Noticed a spectral ugly thing
  2108 | D:3      | Found But Woaj's Book Shop.
  2311 | D:4      | Noticed a phantom
  2332 | D:4      | Killed a phantom
  2332 | D:4      | Killed by an exploding phantom... ignited by their inner
                  | flame

Illustrated notes

Levels and vault maps discovered:
D:1:      wander_arrival_chamber, layout_loops_corners
D:2:      layout_loops_cross, shapermc_ecumenical_altar_mp_highgroup
D:3:      layout_rooms, regret_index_temple_of_mockery, serial_shops,
          nicolae_shop_waterfront, uniq_sigmund
D:4:      layout_loops_corners, lemuel_coloured_pillars_altar,
          general_overflow_altar, minmay_shop_grid_forest

Skill      XL: |  1  2  3  4 |
---------------+-------------+-----
Long Blades    | 2 3 |  3.1
Armour         | 3 |  3.8
Shields        | 3 |  3.8
Fighting       | 4 |  4.1

Action                     |  1- 3 |  4- 6 || total
---------------------------+-------+-------++-------
  Melee: Long sword        |    97 |    39 ||   136
         Unarmed           |       |     9 ||     9
    Use: Potion            |       |     6 ||     6
         Scroll            |       |     6 ||     6
   Stab: Invisible         |       |     1 ||     1
 Armour: Scale mail        |    15 |       ||    15
         Chain mail        |    41 |    27 ||    68
  Dodge: Dodged            |    30 |    26 ||    56
  Block: Buckler           |    19 |    14 ||    33

Table legend: (Time is in decaauts)
 A = Elapsed time spent in this place.
 B = Non-inter-level travel time spent in this place.
 C = Inter-level travel time spent in this place.
 D = Time resting spent in this place.
 E = Time spent auto-exploring this place.
 F = Levels seen in this place.
 G = Mean time per level.
                   A        B        C        D        E       F      G
               +--------+--------+--------+--------+--------+-----+--------+
         Total |   2370 |   2294 |     76 |    202 |   1547 |   4 |  592.5 |
       Dungeon |   2370 |   2294 |     76 |    202 |   1547 |   4 |  592.5 |
               +--------+--------+--------+--------+--------+-----+--------+

Top non-repeatable levels by time:
     D:1: 922 daAuts
     D:2: 765 daAuts
     D:3: 661 daAuts
     D:4: 21 daAuts
